Description

Reaper FE

  • 11 depot
  • 12 rax
      1. Reaper
      1. Marine
      1. Reactor
  • 12 gas
  • 16 reaper + orbital
  • 17 marine
  • 18 CC
  • 19 2nd depot
  • 20 reactor
  • 21 Factory + 2nd gas
  • Starport

Tip: If you want to go hellions in TvZ, Go factory THEN reactor and swap them around.

VOD

https://www.youtube.com/watch?v=Gwt8_wOuU0w

Replay - PiG TvZ 8 worker opening

Build Order

Get SALT Encoding   

  8  0:00  SCV  
  9  0:12  SCV  
  10  0:24  SCV  
  10  0:27  Supply Depot  
  11  0:36  SCV  
  12  0:50  Barracks  
  12  0:55  Refinery  
  12  1:01  SCV  
  13  1:13  SCV  
  14  1:25  SCV  
  15  1:38  Orbital Command, Reaper  
  16  2:03  SCV  
  17  2:14  Command Center  
  17  2:16  SCV  
  17  2:21  Marine  
  19  2:27  Supply Depot  
  19  2:28  SCV  
  20  2:36  Factory  
  20  2:40  SCV  
  20  2:47  Barracks Reactor  
  20  2:52  SCV  
  21  3:02  Refinery  
  21  3:04  SCV  
  22  3:16  SCV  
  23  3:24  Starport  
  23  3:28  SCV  
  23  3:32  Hellion x2  
  23  3:33  Orbital Command  
  28  3:36  Barracks Tech Lab  
  28  3:41  SCV  
  29  3:53  SCV, Hellion x2  
  34  4:00  SCV x2  
  35  4:09  Supply Depot  
  36  4:13  SCV x2, Banshee  
  40  4:23  Cloaking Field  
  41  4:25  SCV  
  41  4:30  Supply Depot  
  46  4:31  Hellion x2  
  46  4:34  SCV x2  
  48  4:39  Supply Depot  
  48  4:46  SCV x2  
  50  4:54  Supply Depot  
  50  4:58  SCV x2, Banshee  
  54  5:03  Hellion x2  
  59  5:10  SCV x2  
  61  5:17  Command Center  
  61  5:23  SCV x2  
  63  5:29  Barracks Tech Lab  
  63  5:30  Barracks x2  
  63  5:38  SCV x2  
  65  5:50  Engineering Bay x2, SCV x2  
  67  5:58  Refinery x2  
  67  6:00  Marine, Starport Reactor  
  67  6:01  Stimpack  
  67  6:03  SCV x2  
  67  6:04  Siege Tank  
  73  6:15  SCV  
  74  6:21  Barracks Reactor  
  74  6:25  Barracks x2  
  74  6:28  Marine x2  
  74  6:29  SCV x2  
  74  6:32  Orbital Command  
  78  6:37  Supply Depot x2  
  78  6:48  SCV x2  
  78  6:53  Marine x3  
  83  6:55  Medivac, Orbital Command  
  83  6:59  Supply Depot  
  85  7:02  SCV x2  
  85  7:06  Supply Depot  
  87  7:11  Marine x5  
  87  7:15  SCV x2  
  94  7:17  Barracks Reactor x2  
  94  7:21  Siege Tank  
  97  7:25  Supply Depot x2  
  97  7:27  SCV x3  
  97  7:29  Marine x2  
  102  7:38  Factory  
  102  7:39  SCV x2  
  102  7:42  Armory  
  104  7:46  SCV  
  104  7:51  SCV, Marine x5  
Spawning Tool Build Advisor. Get it on Overwolf

Go to:

Details

  • Created by: amentini
  • Published on: Jun 25, 2026
  • Modified on: Jun 25, 2026
  • Patch: 5.0.16
  • Difficulty: Medium
Show
View Real Time Build Order
Export as new Build Order

Comments (0)

There are no comments. Be the first!

Create an account to comment!